Map: Year Zero LE

Players

Bly

  • Race: Zerg Zerg
  • Spawn Location: 1:00

Zanster - Winner!

  • Race: Zerg Zerg
  • Spawn Location: 11:00

Event: 2019 WCS Spring

VOD

Have the link to the VOD?

Description

Time

  • Played on: May 18, 2019, 6:57 a.m.
  • Length: 17:39

All games in this series

Show
View Real Time Build Order
Export as new Build Order

Bly Zerg 

Build Orders: Hatch First, Brood Lord Corruptor 

Get SALT Encoding   

  12  0:02  Drone  
  13  0:14  Overlord  
  13  0:20  Drone  
  14  0:32  Drone x2  
  16  0:50  Hatchery  
  16  0:53  Drone  
  16  0:58  Drone  
  16  1:01  Drone  
  18  1:12  Extractor  
  18  1:16  Spawning Pool  
  16  1:20  Drone  
  16  1:23  Drone  
  18  1:29  Drone  
  19  1:40  Drone  
  20  1:50  Overlord  
  20  2:03  Queen x2  
  20  2:04  Zergling x4  
  26  2:12  Drone  
  26  2:14  Drone  
  28  2:23  Drone  
  28  2:24  Drone  
  30  2:35  Drone x2  
  32  2:41  Queen  
  32  2:42  Lair  
  34  2:44  Drone  
  34  2:46  Overlord  
  35  3:01  Roach Warren, Drone  
  34  3:13  Drone  
  34  3:14  Drone x5  
  39  3:23  Drone x4  
  39  3:25  Extractor  
  42  3:27  Extractor  
  41  3:35  Evolution Chamber  
  41  3:36  Evolution Chamber  
  41  3:39  Drone x2  
  41  3:43  Spire  
  40  3:48  Drone x2  
  40  3:50  Drone  
  40  3:53  Drone  
  44  3:56  Overlord  
  44  3:57  Overlord  
  44  4:05  Extractor  
  44  4:08  Overlord  
  43  4:17  Hatchery  
  43  4:21  Drone x2  
  46  4:24  Roach  
  46  4:28  Roach  
  48  4:33  Drone x2  
  48  4:34  Drone  
  51  4:49  Drone x2  
  51  4:50  Overlord  
  53  4:55  Mutalisk  
  53  4:56  Mutalisk x2  
  53  4:59  Mutalisk  
  61  5:02  Mutalisk  
  61  5:05  Mutalisk  
  65  5:08  Mutalisk  
  67  5:21  Mutalisk  
  67  5:25  Mutalisk  
  71  5:38  Roach x5  
  71  5:39  Overlord  
  81  5:45  Drone  
  81  5:46  Glial Reconstitution, Overlord  
  82  5:57  Overlord  
  82  6:00  Mutalisk  
  82  6:01  Overlord  
  84  6:07  Drone  
  84  6:08  Drone x8  
  84  6:11  Extractor  
  92  6:13  Zerg Flyer Weapons Level 1  
  92  6:27  Zerg Missile Weapons Level 1  
  92  6:31  Extractor  
  91  6:35  Mutalisk x2  
  91  6:38  Drone x2  
  91  6:39  Drone x2  
  99  6:42  Drone  
  94  6:57  Mutalisk x2  
  94  7:00  Drone x15  
  113  7:10  Hatchery  
  112  7:22  Roach  
  114  7:23  Overlord x4  
  112  7:38  Overlord x2  
  112  7:47  Mutalisk  
  112  7:48  Mutalisk x6  
  126  7:51  Queen  
  126  7:55  Mutalisk x2  
  126  7:57  Overlord  
  112  8:28  Roach x7  
  112  8:29  Roach x7, Zerg Missile Weapons Level 2  
  140  8:36  Overseer  
  140  8:41  Nydus Network  
  140  8:42  Overlord  
  145  8:48  Roach x6  
  151  9:11  Extractor  
  150  9:20  Roach x17, Overlord  
  176  9:26  Overseer  
  176  9:30  Overlord  
  172  9:44  Nydus Canal  
  172  9:45  Tunneling Claws  
  172  9:46  Burrow  
  172  9:50  Roach x5  
  172  9:51  Roach x7  
  196  9:54  Overlord, Extractor  
  196  9:58  Overlord  
  195  10:02  Nydus Canal  
  195  10:12  Infestation Pit  
  195  10:14  Overseer  
  194  10:16  Overseer  
  194  10:23  Nydus Canal  
  194  10:30  Pneumatized Carapace  
  190  10:50  Hive  
  190  10:55  Nydus Canal  
  190  10:58  Zerg Ground Armor Level 1  
  178  11:28  Roach x37  
  174  11:33  Spine Crawler  
  174  11:35  Spine Crawler  
  146  12:05  Roach x9  
  144  12:15  Roach x16  
  144  12:16  Nydus Canal  
  144  12:20  Roach x28  
  144  12:21  Zerg Missile Weapons Level 3  
  144  12:22  Overlord, Greater Spire  
  200  12:24  Overseer  
  200  12:26  Spine Crawler x2  
  200  12:27  Spine Crawler  
  200  12:28  Spore Crawler  
  196  12:30  Nydus Canal  
  196  12:42  Nydus Canal  
  178  12:52  Corruptor  
  178  12:53  Corruptor x9  
  178  12:56  Nydus Canal  
  194  13:02  Roach x3  
  174  13:17  Roach x28  
  168  13:31  Zerg Melee Weapons Level 1  
  158  13:41  Nydus Canal  
  158  13:43  Brood Lord x9  
  176  13:57  Brood Lord  
  178  14:11  Hydralisk Den  
  178  14:15  Hatchery  
  176  14:22  Nydus Canal  
  176  14:36  Roach x23, Nydus Canal  
  150  15:06  Hydralisk x17  
  158  15:09  Viper  
  161  15:17  Nydus Canal  
  161  15:18  Roach  
  161  15:25  Roach x5  
  171  15:29  Overseer  
  157  15:48  Nydus Canal  
  156  16:02  Nydus Canal  
  130  16:31  Extractor  
  130  16:32  Extractor  
  114  16:52  Drone x2  
  114  16:53  Drone  
  96  17:01  Mutalisk x3  
  77  17:35  Hatchery  
Show
View Real Time Build Order
Export as new Build Order

Zanster Zerg - Winner!

Build Orders: Hatch First, Lurkers 

Get SALT Encoding   

  12  0:00  Drone  
  13  0:13  Overlord  
  13  0:17  Drone  
  14  0:32  Drone x2  
  16  0:49  Hatchery  
  15  0:52  Drone  
  15  0:56  Drone  
  17  0:59  Drone  
  18  1:10  Extractor  
  17  1:15  Spawning Pool  
  17  1:18  Drone  
  17  1:21  Drone  
  18  1:29  Drone  
  19  1:40  Drone  
  20  1:56  Overlord  
  20  2:01  Queen x2  
  20  2:02  Zergling x2  
  20  2:06  Drone  
  26  2:10  Metabolic Boost  
  27  2:15  Drone x2  
  29  2:22  Drone  
  29  2:23  Drone  
  30  2:34  Zergling x4  
  32  2:43  Hatchery  
  31  2:44  Zergling x2  
  31  2:50  Overlord  
  32  2:55  Drone x2  
  34  3:09  Drone  
  34  3:11  Drone  
  35  3:13  Drone x6  
  35  3:19  Queen  
  43  3:24  Overlord  
  43  3:25  Drone  
  43  3:38  Roach Warren, Drone  
  43  3:39  Evolution Chamber  
  42  3:44  Drone x3  
  45  3:48  Drone x2  
  45  3:49  Drone x2  
  45  3:51  Overlord  
  49  3:57  Zergling x4  
  49  4:00  Drone x2  
  53  4:04  Lair  
  53  4:11  Overlord  
  53  4:14  Zerg Missile Weapons Level 1  
  53  4:15  Extractor x2  
  51  4:17  Drone  
  51  4:19  Drone  
  51  4:21  Drone x3  
  51  4:23  Drone  
  57  4:27  Roach x2  
  61  4:32  Roach  
  61  4:33  Overlord  
  61  4:37  Extractor, Drone x3  
  65  4:38  Extractor, Drone  
  65  4:45  Overlord, Drone x2  
  67  4:53  Drone x2  
  67  4:54  Drone  
  67  4:57  Overlord  
  67  4:59  Roach x3  
  76  5:05  Glial Reconstitution  
  76  5:06  Overseer  
  76  5:08  Overseer  
  76  5:09  Overlord  
  76  5:11  Drone x3  
  79  5:16  Roach  
  79  5:17  Roach  
  79  5:20  Roach  
  79  5:21  Roach  
  87  5:24  Roach  
  87  5:25  Roach  
  87  5:27  Overlord  
  91  5:33  Spore Crawler x2  
  91  5:35  Spore Crawler  
  88  5:42  Drone x7  
  95  5:43  Drone  
  95  5:47  Overlord  
  95  5:49  Drone x2  
  97  5:56  Spore Crawler, Queen  
  98  5:58  Overlord  
  98  6:01  Overlord  
  98  6:03  Spore Crawler  
  97  6:08  Infestation Pit  
  97  6:11  Drone x3  
  98  6:16  Queen  
  98  6:17  Spore Crawler  
  99  6:19  Zerg Missile Weapons Level 2  
  99  6:26  Overlord  
  99  6:30  Roach x5  
  109  6:34  Drone  
  109  6:35  Drone x2  
  109  6:37  Overlord  
  110  6:40  Drone  
  110  6:42  Spore Crawler  
  109  7:04  Pathogen Glands  
  109  7:05  Drone x4  
  109  7:06  Drone x3  
  109  7:07  Roach x2  
  118  7:09  Roach  
  118  7:10  Extractor  
  118  7:14  Hydralisk Den  
  118  7:17  Overlord  
  110  7:35  Infestor  
  110  7:36  Infestor  
  104  7:37  Infestor x3  
  104  7:44  Spore Crawler, Hydralisk x7  
  109  7:47  Muscular Augments  
  109  7:48  Hydralisk x2  
  109  7:50  Queen  
  129  7:52  Hydralisk  
  129  7:58  Overlord  
  131  7:59  Overlord  
  131  8:01  Overlord  
  124  8:21  Roach  
  124  8:22  Roach x7  
  140  8:28  Roach x4  
  140  8:29  Overlord  
  140  8:34  Queen  
  148  8:37  Hydralisk x4, Roach  
  148  8:39  Burrow  
  160  8:41  Hatchery  
  160  8:42  Tunneling Claws  
  160  8:43  Overlord  
  160  8:47  Overlord  
  159  9:05  Hydralisk x8  
  175  9:11  Overlord  
  171  9:18  Drone x3  
  171  9:19  Drone x5  
  171  9:20  Roach  
  173  9:37  Ravager  
  174  9:42  Lurker Den  
  172  9:47  Hatchery  
  172  9:50  Roach  
  172  9:51  Roach x6, Overlord  
  172  9:52  Overlord  
  185  9:54  Overlord  
  185  10:08  Hive  
  185  10:09  Roach x8, Extractor  
  185  10:10  Hydralisk x2  
  185  10:11  Hydralisk x3  
  194  10:31  Roach  
  194  10:32  Roach x2  
  200  10:49  Hatchery  
  193  10:52  Hydralisk x3  
  193  10:56  Roach x9  
  199  11:25  Infestor x3  
  193  11:28  Drone  
  193  11:29  Spore Crawler  
  193  11:31  Spore Crawler  
  198  11:33  Spore Crawler  
  198  11:35  Roach  
  198  11:36  Roach x2  
  185  12:04  Infestor x2  
  185  12:06  Drone x4  
  185  12:08  Extractor x2  
  186  12:09  Queen  
  186  12:13  Roach x3  
  193  12:18  Roach x8  
  193  12:19  Spore Crawler  
  193  12:20  Spore Crawler  
  191  12:30  Drone x2  
  175  12:50  Zerg Missile Weapons Level 3  
  171  12:52  Drone x3  
  171  12:54  Evolution Chamber, Viper  
  171  12:55  Viper  
  171  12:56  Roach x7  
  187  13:14  Roach x6  
  196  13:32  Spore Crawler  
  191  13:34  Spore Crawler  
  191  13:38  Hydralisk  
  191  13:39  Hydralisk x7  
  196  13:43  Zerg Ground Armor Level 1  
  197  13:48  Lurker x2  
  197  13:49  Lurker  
  197  13:53  Drone  
  200  14:01  Spore Crawler, Overseer x2  
  199  14:04  Pneumatized Carapace  
  199  14:21  Drone  
  199  14:23  Spore Crawler  
  199  14:28  Spore Crawler  
  199  14:30  Spore Crawler  
  199  14:31  Spore Crawler x2, Grooved Spines  
  196  14:36  Lurker x3  
  198  14:43  Adaptive Talons  
  198  14:44  Queen  
  190  15:02  Viper x3  
  192  15:22  Hydralisk  
  192  15:23  Hydralisk x3  
  195  15:43  Hydralisk x3  
  195  15:47  Overlord  
  189  16:08  Hydralisk x10  
  191  16:30  Hydralisk  
  189  16:42  Viper x3  
  189  16:44  Hatchery  
  189  16:46  Hatchery  
  177  17:01  Roach  
Tags
 
Add a new tag
Caveats
  • Supply blocks, unpowered buildings, or Contaminate may cause inaccurate times.
  • Supply counts are checked every 10 seconds.